 Dungeon Crawl Stone Soup version 0.28.0-56-g4927b6849a (webtiles) character file.

Game seed: 6558305448374558164

1188 cbfl8 the Chopper (level 8, -1/62 HPs)
             Began as a Demonspawn Berserker on Jan 26, 2023.
             Was a Priest of Trog.
             Slain by an orc warrior
             ... wielding a +0 war axe
              (12 damage)
             ... on level 5 of the Dungeon.
             The game lasted 00:06:16 (6297 turns).

cbfl8 the Chopper (Demonspawn Berserker)            Turns: 6297, Time: 00:06:16

Health: -1/62      AC: 12    Str: 17    XL:     8   Next: 19%
Magic:  8/8        EV:  8    Int:  9    God:    Trog [***...]
Gold:   286        SH:  4    Dex: 15    Spells: 7/7 levels left

rFire   . . .      SeeInvis .   a - +0 hand axe (elec)
rCold   . . .      Faith    .   (no shield)
rNeg    . . .      Spirit   .   f - +0 chain mail
rPois   .          Reflect  .   (no helmet)
rElec   .          Harm     +   h - scarf {harm}
rCorr   .          Rampage  .   c - +0 pair of gloves
Will    .....                   (no boots)
Stlth   ..........              (no amulet)
HPRegen 0.20/turn               m - ring of flight
MPRegen 0.22/turn               r - +4 ring of slaying

@: lethally poisoned (-1 -> -16), flying
A: icy blue scales 1, magic regeneration, condensation shield, weakness stinger
2
a: Renounce Religion, Berserk, Trog's Hand


You were on level 5 of the Dungeon.
You worshipped Trog.
Trog was most pleased with you.
You visited 1 branch of the dungeon, and saw 6 of its levels.

You collected 286 gold pieces.

Inventory:

Hand Weapons
 a - a +0 hand axe of electrocution (weapon)
Armour
 c - a +0 pair of gloves (worn)
 f - a +0 chain mail (worn)
 h - a scarf of harm (worn)
Jewellery
 m - a ring of flight (left hand)
 o - a ring of protection from fire
 r - a +4 ring of slaying (right hand)
 t - a ring of willpower
Scrolls
 b - a scroll of fog
 d - a scroll of fear {unknown}
 i - a scroll of identify {unknown}
 j - a scroll of magic mapping
 k - a scroll of vulnerability {unknown}
 l - 2 scrolls of teleportation
 n - a scroll of amnesia {unknown}
 q - a scroll of enchant weapon {unknown}
Potions
 e - a potion of mutation {unknown}
 g - a potion of haste {unknown}
 p - a potion of lignification
 s - a potion of magic {unknown}
 u - a potion of degeneration {unknown}
 v - a potion of ambrosia {unknown}


   Skills:
 + Level 5.1 Fighting
 + Level 6.5 Axes
 + Level 4.8 Armour
 + Level 3.1 Dodging
 + Level 0.7 Stealth
 + Level 0.1 Shields
 + Level 0.6 Unarmed Combat


You had 7 spell levels left.
You didn't know any spells.
Your spell library was empty.

Dungeon Overview and Level Annotations

Branches:
Dungeon (6/15)             Temple (0/1) D:5

Altars:
Trog


Innate Abilities, Weirdness & Mutations

You are partially covered in icy blue scales. (AC +2)
You regenerate magic rapidly.
A meltable shield of frost defends you. (SH +4)
You have a tail ending in a sharp stinger.


Message History

The orc warrior hits you with a +0 war axe.
You block the adder's attack. The adder bites you.
You block the adder's attack. The adder barely misses you.
The adder closely misses you. The orc hits you but does no damage.
There is a stone staircase leading up here.
HP restored.
The gnoll hits you but does no damage.
You are poisoned.
You block the orc's attack.
The orc warrior hits you with a +0 war axe!
You fly upwards.
You feel very sick.
There is a stone staircase leading down here.
You hit the orc warrior.
The orc warrior is moderately wounded.
You closely miss the gnoll. You hit the orc but do no damage.
You feel sick.
The gnoll hits you with a +2 whip of venom!
The orc barely misses you.
The orc warrior hits you with a +0 war axe!
* * * LOW HITPOINT WARNING * * *
You are too injured to fight recklessly!
Unknown command.
You hit the orc warrior.
Lightning courses through the orc warrior!
You tail-slap the orc warrior.
The orc warrior is almost dead.
You closely miss the gnoll. You hit the orc.
You feel sick. The gnoll closely misses you.
The orc hits you but does no damage.
The orc warrior hits you but does no damage.
You barely miss the orc warrior.
You tail-slap the orc warrior, but do no damage.
The orc warrior is almost dead.
You closely miss the orc. You hit the gnoll.
You feel sick.
The gnoll hits you with a +2 whip of venom.
* * * LOW HITPOINT WARNING * * *
You are lethally poisoned!
The orc closely misses you.
The orc warrior hits you with a +0 war axe!
You die...

......................#
#####################.#
# #.# # ####### #.# #
#.....# #.# # #.....#
#.# ##########.....#
#.#
##.......#.....######.#
.........'.....o@...#.#
.#.......#.....go.#.#.#
.#.......#......#.#.#(#
.#.......#.##...###.#.#
.#.......###8...8#..#.#
.#..[....# ##...##..#.#
.#.......#
#...##..#.####
.##'######
##...##....§§§########
.##.#
#8...8##.#.§§§§§§§....


You could see an orc warrior, a gnoll and an orc.

Vanquished Creatures
  Sigmund (D:2)
  Eustachio (D:5)
  A black bear (D:5)
  An ice beast (D:5)
  An ogre (D:5)
  Blork the orc (D:5)
  A scorpion (D:5)
  A water moccasin skeleton (D:5)
  A hound (D:5)
  A jelly (D:5)
  5 iguanas
  Ijyb (D:3)
  2 orc wizards
  5 gnolls
  4 adders
  A shadow imp (D:5)
  2 ufetubi
  An adder skeleton (D:4)
  A worm (D:2)
  2 dart slugs
  8 orcs
  6 ball pythons
  7 endoplasms
  5 giant cockroaches
  6 goblins
  7 hobgoblins
  2 jackals (D:4)
  3 quokkas
  5 bats
  3 frilled lizards
  11 kobolds
  5 rats
102 creatures vanquished.

Vanquished Creatures (others)
  2 fungi (D:2)
  4 plants
6 creatures vanquished.

Grand Total: 108 creatures vanquished

Notes
Turn   | Place    | Note
-------+----------+-------------------------------------------
     0 | D:1      | cbfl8 the Demonspawn Berserker began the quest for the Orb.
     0 | D:1      | Reached XP level 1. HP: 18/18 MP: 1/1
   636 | D:1      | Gained mutation: You have a small tail. [demonic ancestry]
   636 | D:1      | Reached XP level 2. HP: 24/24 MP: 2/2
   960 | D:1      | Reached skill level 3 in Axes
   960 | D:1      | Gained mutation: You have a tail ending in a sharp stinger.
                  | [demonic ancestry]
   960 | D:1      | Reached XP level 3. HP: 14/29 MP: 3/3
  2304 | D:2      | Reached ** piety under Trog
  2321 | D:2      | Noticed Sigmund
  2342 | D:2      | Killed Sigmund
  2343 | D:2      | Reached skill level 4 in Axes
  2343 | D:2      | Gained mutation: You are partially covered in icy blue
                  | scales. (AC +2) [demonic ancestry]
  2343 | D:2      | Reached XP level 4. HP: 37/37 MP: 4/4
  2343 | D:2      | Gained mutation: You regenerate magic rapidly. [demonic
                  | ancestry]
  2343 | D:2      | Reached XP level 5. HP: 42/42 MP: 5/5
  2379 | D:2      | Found a faded altar of an unknown god.
  2860 | D:3      | Reached XP level 6. HP: 6/48 MP: 6/6
  4004 | D:4      | Noticed Ijyb
  4030 | D:3      | Killed Ijyb
  4617 | D:4      | Found a bloodstained altar of Trog.
  4894 | D:5      | Entered Level 5 of the Dungeon
  4904 | D:5      | Found a staircase to the Ecumenical Temple.
  4975 | D:5      | Reached skill level 5 in Axes
  5065 | D:5      | Reached XP level 7. HP: 54/54 MP: 7/7
  5351 | D:5      | Noticed Eustachio
  5713 | D:5      | Reached *** piety under Trog
  5714 | D:5      | Reached skill level 6 in Axes
  5768 | D:5      | Noticed Blork the orc
  5773 | D:5      | Killed Blork the orc
  5774 | D:5      | Gained mutation: A meltable shield of frost defends you.
                  | (SH +4) [demonic ancestry]
  5774 | D:5      | Reached XP level 8. HP: 58/61 MP: 8/8
  5895 | D:5      | Reached skill level 5 in Fighting
  6043 | D:5      | Killed Eustachio
  6297 | D:5      | Slain by an orc warrior

Illustrated notes

Levels and vault maps discovered:
D:1:      dpeg_arrival_concentric_ovals, layout_basic, serial_forest,
          infiniplex_forest_corner_1, infiniplex_forest_corner_2,
          infiniplex_forest_3_way, infiniplex_forest_clump_long,
          infiniplex_forest_lined_1, infiniplex_forest_clump_tiny
D:2:      layout_basic, shapermc_ecumenical_altar_petra, serial_park_tiny_2,
          minmay_pentomino_u2, uniq_sigmund
D:3:      minmay_recursive_quarters, layout_basic
D:4:      layout_rooms, mainiacjoe_overflow_alcove_1, grunt_decor_cap, uniq_ijyb
D:5:      layout_basic, minmay_temple_entry_junction, serial_corexii_hall,
          corexii_hall_statues_x, chequers_hall_statues_y, uniq_eustachio,
          uniq_blork_the_orc
D:6:      layout_basic, serial_shops, nicolae_shop_advertising_works
          [nicolae_subvault_shop_adworks]

Skill      XL: |  1  2  3  4  5  6  7  8 |
---------------+-------------------------+-----
Dodging        | 2 3 |  3.1
Axes           | 3 4 5 6 |  6.5
Armour         | 2 3 4 |  4.8
Fighting       | 4 5 |  5.1
Stealth        | |  0.7
Shields        | |  0.1
Unarmed Combat | |  0.6

Action                   |  1- 3 |  4- 6 |  7- 9 || total
-------------------------+-------+-------+-------++-------
Melee: Hand axe          |   115 |   139 |    64 ||   318
       Tailslap          |     9 |    16 |     9 ||    34
       Punch             |     1 |     1 |     1 ||     3
       Unarmed           |       |    13 |       ||    13
  Use: Potion            |     3 |     1 |       ||     4
       Scroll            |       |     2 |     3 ||     5
Armor: Animal skin       |     6 |       |       ||     6
       Ring mail         |     7 |       |       ||     7
       Chain mail        |    36 |    71 |    43 ||   150
       Skin              |    10 |       |       ||    10
Dodge: Dodged            |    43 |    79 |    31 ||   153
Block: Other             |       |       |     9 ||     9
